AoeStats
← Comend x comend

Black Forest

507335197Analyzed
4v4 RM · 13d ago on Sep 17, 2026· 35m 23s· 8 players
Game mode
Random Map
Map size
Large (8 player)
Population
200
Speed
Normal
Resources
Standard
Victory
Conquest
Starting age
Dark Age
Ending age
Imperial Age
RankedLock teamsTeams togetherTeam positionsShared explorationLock speedFull tech treeHidden civsTurbo modeCheats
Victory
Defeat
🇵🇪 Turks · Peru
1367
+13
🇧🇷 Saracens · Brazil
1318
+15
🇦🇷 Bulgarians · Argentina
1308
+15
1293
+16
🇹🇼 Tatars · Taiwan
1333
-17
🇨🇭 Burmese · Switzerland
1309
-15
🇨🇭 Bohemians · Switzerland
1289
-15
🇮🇹 Celts · Italy
1233
-12
Comend x comend
13:30 Feudal Age
17:07 Castle Age
21:05 Imperial Age
21:26 Bloodlines
21:16 Husbandry
21:33 Loom
Demon Backpack // Varela
1:48 Loom
10:37 Feudal Age
14:24 Castle Age
12:18 Horse Collar
13:00 Double-Bit Axe
15:44 Bow Saw
19:56 Wheelbarrow
26:15 Scale Mail Armor
27:00 Hand Cart
28:55 Heavy Plow
28:21 Man-at-Arms
28:55 Pikeman
29:35 Squires
28:56 Long Swordsman
29:58 Forging
30:03 Chain Mail Armor
31:55 Iron Casting
31:42 Anarchy
35:31 Imperial Age
32:47 Town Watch
grain8720
10:20 Feudal Age
12:07 Double-Bit Axe
14:12 Fletching
16:17 Horse Collar
22:36 Loom
25:22 Castle Age
26:00 Bodkin Arrow
25:26 Crossbowman
26:12 Thumb Ring
33:29 Imperial Age
31:01 Gold Mining
31:24 Bow Saw
31:31 Padded Archer Armor
31:53 Ballistics
34:23 Bracer
35:25 Chemistry
36:32 Wheelbarrow
LRNI_PanBailarin
1:54 Loom
10:45 Feudal Age
15:15 Horse Collar
dr.schniselx
1:15 Loom
13:12 Feudal Age
14:54 Fletching
24:51 Castle Age
24:49 Padded Archer Armor
25:22 Gold Mining
25:03 Crossbowman
27:01 Bodkin Arrow
28:21 Wheelbarrow
33:17 Ballistics
GdR_Salinaro
0:41 Loom
11:36 Feudal Age
12:53 Wheelbarrow
16:22 Castle Age
14:28 Double-Bit Axe
optional_cookie
11:39 Feudal Age
15:14 Castle Age
13:46 Scale Barding Armor
13:31 Double-Bit Axe
14:34 Scale Barding Armor
21:48 Chain Barding Armor
29:50 Wheelbarrow
31:12 Forging
34:58 Chemistry
34:25 Fletching
Yoshi needs sushi
0:35 Loom
7:35 Loom
12:45 Feudal Age
13:22 Double-Bit Axe
13:26 Horse Collar
14:28 Wheelbarrow
16:43 Castle Age
21:52 Hand Cart
21:23 Town Watch
26:42 Gold Mining
27:02 Heavy Plow
30:43 Imperial Age
28:53 Stone Mining
29:39 Gold Shaft Mining
29:17 Bow Saw
29:39 Scale Barding Armor
29:49 Treadmill Crane
30:21 Fortified Wall
30:22 Masonry
30:40 Chain Barding Armor
31:54 Bloodlines
32:59 Plate Barding Armor
33:54 Silk Armor
34:14 Conscription
33:16 Light Cavalry
Connection lost

Rejoining the realm…

Still unreachable

The connection could not be restored.

Session expired

The server has moved on; the page needs a fresh start.